 Dungeon Crawl Stone Soup version 0.29-a0-275-g389c0b56f3 (webtiles) character file.

Game seed: 16747513600822741929

57 Leszczynek the Chopper (level 4, -2/33 HPs)
             Began as a Human Gladiator on Mar 11, 2022.
             Was an Initiate of Ru.
             Slain by an iguana (11 damage)
             ... on level 5 of the Dungeon.
             The game lasted 00:05:02 (748 turns).

Leszczynek the Chopper (Human Gladiator)             Turns: 748, Time: 00:05:02

Health: -2/33      AC:  8    Str: 16    XL:     4   Next: 18%
Magic:  4/4        EV: 11    Int:  8    God:    Ru [......]
Gold:   192        SH:  0    Dex: 15    Spells: 3/3 levels left

rFire   . . .      SeeInvis .   a - +0 war axe
rCold   . . .      Faith    .   (no shield)
rNeg    . . .      Spirit   .   f - +0 ring mail
rPois   .          Reflect  .   c - +0 helmet
rElec   .          Harm     .   (no cloak)
rCorr   .          Rampage  .   o - +1 pair of gloves
Will    .....                   (no boots)
Stlth   +.........              (no amulet)
HPRegen 0.11/turn               (no ring)
MPRegen 0.09/turn               (no ring)

@: no status effects
A: no striking features
a: Renounce Religion


You were on level 5 of the Dungeon.
You worshipped Ru.
Ru was noncommittal.
You visited 1 branch of the dungeon, and saw 5 of its levels.

You collected 192 gold pieces.

Inventory:

Hand Weapons
 a - a +0 war axe (weapon)
 q - a +0 long sword
Missiles
 d - 2 throwing nets (quivered)
 e - a javelin
Armour
 c - a +0 helmet (worn)
 f - a +0 ring mail (worn)
 o - a +1 pair of gloves (worn)
Scrolls
 h - a scroll of silence {unknown}
 i - a scroll of enchant weapon {unknown}
 j - a scroll of amnesia {unknown}
 l - 2 scrolls of identify {unknown}
 n - a scroll of noise {unknown}
 p - 3 scrolls of teleportation {unknown}
Potions
 b - a potion of mutation {unknown}
 g - a potion of might {unknown}
 k - 2 potions of curing {unknown}
 m - a potion of ambrosia {unknown}


   Skills:
 - Level 2.0 Fighting
 + Level 4.7 Axes
 - Level 2.0 Throwing
 - Level 3.0 Dodging


You had 3 spell levels left.
You didn't know any spells.
Your spell library contained the following spells:

 Spells                   Type           Power      Damage    Failure   Level
 Corpse Rot               Necr/Air       0%         N/A       77%         2
 Poisonous Vapours        Pois/Air       0%         N/A       77%         2


Dungeon Overview and Level Annotations

Branches:
Dungeon (5/15)
 Temple: D:4-7

Altars:
Ru


Message History

The floor.
q - a +0 long sword
Found a stone staircase leading down.
Found 11 gold pieces and a pair of gloves.
You now have 192 gold pieces (gained 11).
Found a stone staircase leading down.
A hobgoblin comes into view.
You slash the hobgoblin!
You kill the hobgoblin!
No target in view!
No target in view!
There is a stone staircase leading down here.
You climb downwards.
The iguana hisses angrily.
There is a stone staircase leading up here.
Unknown command.
You hit the iguana but do no damage. The iguana bites you!
You hit the iguana.
The iguana is lightly wounded.
The iguana closely misses you.
You hit the iguana.
The iguana is heavily wounded.
The iguana barely misses you.
You hit the iguana.
The iguana is almost dead.
The iguana bites you!
The iguana bites you but does no damage.
You are too injured to fight recklessly!
You are too injured to fight recklessly!
You are too injured to fight recklessly!
You hit the iguana.
The iguana is almost dead.
The iguana bites you but does no damage.
You barely miss the iguana.
The iguana is almost dead.
The iguana bites you but does no damage.
You hit the iguana but do no damage.
The iguana is almost dead.
The iguana bites you. The iguana bites you!
You die...

. ..#
....##
#.....###
#.....###
#.l@.<#
#######


You could see an iguana.

Vanquished Creatures
  An iguana (D:2)
  A worm (D:2)
  An orc (D:3)
  A bat (D:1)
  2 endoplasms (D:2)
  A giant cockroach (D:1)
  A goblin (D:2)
  3 hobgoblins
  6 kobolds
  A quokka (D:2)
  3 ball pythons
  2 frilled lizards (D:1)
  3 rats
26 creatures vanquished.

Vanquished Creatures (others)
  5 toadstools (D:1)
5 creatures vanquished.

Grand Total: 31 creatures vanquished

Notes
Turn   | Place    | Note
-------+----------+-------------------------------------------
     0 | D:1      | Leszczynek the Human Gladiator began the quest for the Orb.
     0 | D:1      | Reached XP level 1. HP: 16/16 MP: 1/1
     0 | D:1      | quaff id sure is fun
     0 | D:1      | DEGENERATION ATTRACTION FUCK YOU
    31 | D:1      | You fall into a shaft and drop 1 floor!
    63 | D:2      | Reached XP level 2. HP: 15/22 MP: 2/2
   215 | D:2      | Reached skill level 4 in Axes
   215 | D:2      | Reached XP level 3. HP: 7/27 MP: 3/3
   318 | D:3      | Noticed a phantom
   447 | D:2      | Reached XP level 4. HP: 26/33 MP: 4/4
   556 | D:3      | Found a sacrificial altar of Ru.
   562 | D:3      | Became a worshipper of Ru the Awakened
   738 | D:5      | Entered Level 5 of the Dungeon
   748 | D:5      | Slain by an iguana

Illustrated notes

#.#.#..#......[
..............#
P.............P
≈P...........P≈
≈≈P.........P≈≈
≈≈≈P.......P≈≈≈
≈≈≈≈P.....P≈≈≈≈
≈≈≈≈≈P.@.P≈≈≈≈≈
≈≈≈≈P.....P≈≈≈≈
≈≈≈P.......P≈≈≈
≈≈P.........P≈≈
≈P...........P≈
P.............P
#######.#######
...


Turn 0 on D:1: quaff id sure is fun

Levels and vault maps discovered:
D:1:      eino_arrival_druids_welcome, layout_basic,
          shapermc_ecumenical_altar_mp_ritualfount, serial_aquarium,
          aquarium_bridge_square [aquarium_subvault_bridge,
          aquarium_subvault_window, aquarium_subvault_bridge,
          aquarium_subvault_wall], aquarium_window_fake, aquarium_window_fake,
          aquarium_window_fake, aquarium_window_2, aquarium_view_2d,
          aquarium_view_2f, aquarium_pool_2, minivault_14,
          minmay_gold_behind_fungi, minmay_crystal_water, minmay_pentomino_p4
D:2:      layout_rooms
D:3:      layout_basic, tgw_sif, old_standard_altar, serial_shops,
          nicolae_shop_crystal, uniq_crazy_yiuf_cottage, uniq_sigmund
D:4:      minmay_thinvault, layout_loops_ring
D:5:      lemuel_ratsnest, layout_loops_ring, general_overflow_altar,
          grunt_ministairs_8, minmay_crossroads

Skill      XL: |  1  2 |
---------------+-------+-----
Axes           | 4 |  4.7
Fighting       | |  2.0
Throwing       | |  2.0
Dodging        | |  3.0

Action                   |  1- 3 |  4- 6 || total
-------------------------+-------+-------++-------
Melee: War axe           |    72 |    23 ||    95
Throw: Throwing net      |     2 |       ||     2
 Stab: Held in net/web   |     1 |       ||     1
Armor: Ring mail         |    35 |    11 ||    46
Dodge: Dodged            |    37 |    12 ||    49

Table legend: (Time is in decaauts)
 A = Elapsed time spent in this place.
 B = Non-inter-level travel time spent in this place.
 C = Inter-level travel time spent in this place.
 D = Time resting spent in this place.
 E = Time spent auto-exploring this place.
 F = Levels seen in this place.
 G = Mean time per level.
                   A        B        C        D        E       F      G
               +--------+--------+--------+--------+--------+-----+--------+
         Total |    778 |    734 |     44 |      0 |      0 |   5 |  155.6 |
       Dungeon |    778 |    734 |     44 |      0 |      0 |   5 |  155.6 |
               +--------+--------+--------+--------+--------+-----+--------+

Top non-repeatable levels by time:
     D:2: 289 daAuts
     D:3: 233 daAuts
     D:1: 175 daAuts
     D:4: 69 daAuts
     D:5: 11 daAuts
